 Dungeon Crawl Stone Soup version 0.27-a0-1136-g0b992a5a9d (webtiles) character file.

Game seed: 7128083070035244706

48 1player the Skirmisher (level 3, -2/32 HPs)
             Began as a Palentonga Abyssal Knight on May 5, 2021.
             Was a Follower of Lugonu.
             Slain by a gnoll
             ... wielding a +0 flail
              (10 damage)
             ... on level 1 of the Dungeon.
             The game lasted 00:03:01 (2262 turns).

1player the Skirmisher (Palentonga Abyssal Knight)  Turns: 2262, Time: 00:03:02

Health: -2/32      AC: 10    Str: 15    XL:     3   Next: 50%
Magic:  5/5        EV:  8    Int: 12    God:    Lugonu [*.....]
Gold:   84         SH:  0    Dex: 10    Spells: 2/2 levels left

rFire    . . .     SeeInvis +   a - +1 spear
rCold    . . .     Faith    .   (no shield)
rNeg     . . .     Spirit   .   g - +0 swamp dragon scales
rPois    +         Reflect  .   (no helmet)
rElec    .         Harm     .   (no cloak)
rCorr    .         Rampage  .   (no gloves)
Will     .....                  (no barding)
Stlth    ..........             (no amulet)
HPRegen  0.10/turn              e - +4 ring of protection
MPRegen  0.09/turn              (no ring)

@: no status effects
A: large, rugged brown scales 3, see invisible, deformed body, roll 1, armoured
tail
a: Rolling Charge, Renounce Religion, Depart the Abyss


You were on level 1 of the Dungeon.
You worshipped Lugonu.
Lugonu was aware of your devotion.
You visited 1 branch of the dungeon, and saw 2 of its levels.
You visited the Abyss 1 time.

You collected 84 gold pieces.

Inventory:

Hand Weapons
 a - a +1 spear (weapon)
Armour
 b - a +0 leather armour
 g - +0 swamp dragon scales (worn)
Jewellery
 e - a +4 ring of protection (left hand)
Scrolls
 c - 2 scrolls of teleportation
 f - 2 scrolls of identify {unknown}
Potions
 d - 2 potions of heal wounds {unknown}
 h - a potion of attraction {unknown}
 i - 2 potions of curing {unknown}
 j - a potion of degeneration {unknown}


   Skills:
 + Level 3.8 Fighting
 - Level 1.7 Polearms
 - Level 1.5 Armour
 - Level 0.7 Dodging
 + Level 3.3 Invocations


You had 2 spell levels left.
You didn't know any spells.
Your spell library was empty.

Dungeon Overview and Level Annotations

Branches:
Dungeon (2/15)

Altars:


Innate Abilities, Weirdness & Mutations

You are completely covered in rugged brown scales. (AC +3, +7% HP)
You have supernaturally acute eyesight. (SInv)
Armour fits poorly on your strangely shaped body.
You can roll at nearby foes to attack.
You have a long armoured tail.


Message History

Press: ? - help, Dir - move target, f - hobgoblin
Aim: a hobgoblin You roll forward with a clatter of scales!
You puncture the hobgoblin!
You kill the hobgoblin!
Lugonu accepts your kill.
You hear a shout!
An endoplasm comes into view.
There is a stone staircase leading up here.
Roll where?
Press: ? - help, Dir - move target, f - gnoll
Aim: a gnoll, wielding a +0 flail You roll forward with a clatter of scales!
You hit the gnoll but do no damage. The gnoll hits you with a +0 flail.
There is a stone staircase leading up here.
The gnoll hits you with a +0 flail!
The gnoll hits you from afar with a +0 halberd!
You climb upwards.
There is a stone staircase leading down, spattered with blood here.
The gnoll hits you but does no damage.
Okay, then.
You barely miss the gnoll.
Your tail-slap misses the gnoll.
The gnoll barely misses you.
You are too injured to fight recklessly!
You are too injured to fight recklessly!
You are too injured to fight recklessly!
You hit the gnoll.
The gnoll is lightly wounded.
The gnoll hits you with a +0 flail.
You hit the gnoll.
The gnoll is heavily wounded.
The gnoll hits you but does no damage.
You hit the gnoll.
Your tail-slap misses the gnoll.
The gnoll is severely wounded.
The gnoll hits you with a +0 flail.
* * * LOW HITPOINT WARNING * * *
You hit the gnoll.
The gnoll is almost dead.
The gnoll hits you with a +0 flail!
You die...

#.#.##########.... #####
#.#..........'.... #...#
#.#......#####.... #...#
#.#......# #.... ##...#
#.#......#####....
#....######.#.##............
#.........#.#..#..##....#..#
#....####†#g##...###...##...
#....# #.#@####.#...[.###..
####.# ##'#'####.#....###...
#.# #......##.##...##....
#.# #......##.##..###...#
#.# #......##.#...##....#
#.# #............###...##
####.####.#.#.###...##>...##
#......##.#.#.# #..####..##.
#......##.#.#.# #####....##.


You could see a gnoll.

Vanquished Creatures
  An adder (D:1)
  A dart slug (D:1)
  An endoplasm (D:2)
  3 giant cockroaches (D:1)
  4 goblins
  4 hobgoblins
  2 jackals (D:1)
  4 quokkas (D:1)
  2 ball pythons (D:1)
  4 bats (D:1)
  A frilled lizard (D:1)
  5 kobolds
  2 rats (D:1)
34 creatures vanquished.

Notes
Turn   | Place    | Note
-------+----------+-------------------------------------------
     0 | Abyss:1  | 1player the Palentonga Abyssal Knight began the quest for
                  | the Orb.
     0 | Abyss:1  | Reached XP level 1. HP: 19/19 MP: 2/2
    15 | Abyss:1  | Found a corrupted altar of Lugonu.
    18 | Abyss:1  | Found a corrupted altar of Lugonu.
   145 | Abyss:1  | Noticed a sixfirhy
   145 | D:1      | Escaped the Abyss
   219 | D:1      | Found a faded altar of an unknown god.
   383 | D:1      | Reached * piety under Lugonu
   550 | D:1      | Reached XP level 2. HP: 15/25 MP: 3/3
  1688 | D:1      | Reached XP level 3. HP: 31/31 MP: 5/5
  2262 | D:1      | Slain by a gnoll

Illustrated notes

Levels and vault maps discovered:
D:1:      dpeg_arrival_long_road, layout_basic,
          shapermc_ecumenical_altar_mp_ritualfount
D:2:      layout_basic, serial_rivers, chequers_serial_rivers_marsh,
          chequers_serial_rivers_marsh, chequers_serial_rivers_small_3,
          chequers_serial_rivers_room_a, chequers_serial_rivers_micro_e,
          minmay_misc_feat_hallway, minmay_lizard_king

Skill      XL: |  1  2 |
---------------+-------+-----
Invocations    | 3 |  3.3
Fighting       | |  3.8
Polearms       | |  1.7
Armour         | |  1.5
Dodging        | |  0.7

Action                   || total
-------------------------++-------
Melee: Spear             ||   122
       Tailslap          ||     6
Invok: Depart the Abyss  ||     1
 Abil: Rolling Charge    ||    23
  Use: Scroll            ||     1
Armor: Leather armour    ||    39
       Swamp dragon scal ||    14
Dodge: Dodged            ||    43

Table legend: (Time is in decaauts)
 A = Elapsed time spent in this place.
 B = Non-inter-level travel time spent in this place.
 C = Inter-level travel time spent in this place.
 D = Time resting spent in this place.
 E = Time spent auto-exploring this place.
 F = Levels seen in this place.
 G = Mean time per level.
                   A        B        C        D        E       F      G
               +--------+--------+--------+--------+--------+-----+--------+
         Total |   2265 |   2218 |     47 |    663 |   1162 |   3 |  755.0 |
       Dungeon |   2120 |   2073 |     47 |    663 |   1019 |   2 | 1060.0 |
         Abyss |    145 |    145 |      0 |      0 |    143 |   1 |  145.0 |
               +--------+--------+--------+--------+--------+-----+--------+

Top non-repeatable levels by time:
     D:1: 1823 daAuts
     D:2: 297 daAuts
 Abyss:1: 145 daAuts
